 Dungeon Crawl Stone Soup version 0.29-a0-668-g12ee2bf84d (webtiles) character file.

Game seed: 1171860373129073416

22 DocClef the Shield-Bearer (level 2, -1/29 HPs)
             Began as a Gnoll Fighter on June 23, 2022.
             Slain by a rat (3 damage)
             ... on level 2 of the Dungeon.
             The game lasted 00:01:00 (1140 turns).

DocClef the Shield-Bearer (Gnoll Fighter)           Turns: 1140, Time: 00:01:01

Health: -1/29      AC:  7    Str: 13    XL:     2   Next: 91%
Magic:  2/2        EV:  8    Int:  7    God:
Gold:   48         SH:  5    Dex: 11    Spells: 2/2 levels left

rFire   . . .      SeeInvis .   a - +0 flail
rCold   . . .      Faith    .   c - +0 buckler
rNeg    . . .      Spirit   .   b - +0 scale mail
rPois   .          Reflect  .   (no helmet)
rElec   .          Harm     .   (no cloak)
rCorr   .          Rampage  .   (no gloves)
Will    .....                   (no boots)
Stlth   ..........              (no amulet)
HPRegen 0.09/turn               (no ring)
MPRegen 0.08/turn               (no ring)

@: no status effects
A: fangs 1, strong nose, distributed training, talons 1, weak 1
a: no special abilities


You were on level 2 of the Dungeon.
You visited 1 branch of the dungeon, and saw 2 of its levels.

You collected 48 gold pieces.

Inventory:

Hand Weapons
 a - a +0 flail (weapon)
Missiles
 k - 5 javelins (quivered)
Armour
 b - a +0 scale mail (worn)
 c - a +0 buckler (worn)
Scrolls
 i - a scroll of vulnerability
Potions
 d - a potion of might
 f - 2 potions of degeneration {unknown}
 g - 3 potions of lignification {unknown}
 h - 2 potions of curing {unknown}
 l - a potion of haste {unknown}


   Skills:
 + Level 6.5 Fighting
 + Level 0.5 Short Blades
 + Level 0.5 Long Blades
 + Level 0.5 Axes
 + Level 4.5 Maces & Flails
 + Level 0.5 Polearms
 + Level 0.5 Staves
 + Level 0.5 Slings
 + Level 0.5 Bows
 + Level 0.5 Crossbows
 + Level 0.5 Throwing
 + Level 6.5 Armour
 + Level 0.5 Dodging
 + Level 0.5 Stealth
 + Level 6.5 Shields
 + Level 0.5 Unarmed Combat
 + Level 0.5 Spellcasting
 + Level 0.4 Conjurations
 + Level 0.4 Hexes
 + Level 0.4 Summonings
 + Level 0.4 Necromancy
 + Level 0.4 Translocations
 + Level 0.4 Transmutations
 + Level 0.4 Fire Magic
 + Level 0.4 Ice Magic
 + Level 0.4 Air Magic
 + Level 0.4 Earth Magic
 + Level 0.4 Poison Magic
 + Level 0.7 Invocations
 + Level 0.5 Evocations


You had 2 spell levels left.
You didn't know any spells.
Your spell library contained the following spells:

 Spells                   Type           Power      Damage    Failure   Level
 Gell's Gravitas          Tloc           0%         N/A       99%         3
 Teleport Other           Tloc           0%         N/A       99%         3
 Dispersal                Tloc           0%         N/A       100%        6


Dungeon Overview and Level Annotations

Branches:
Dungeon (2/15)

Altars:


Innate Abilities, Weirdness & Mutations

You have very sharp teeth.
Your uncanny sense of smell can sniff out nearby items.
Your experience applies equally to all skills.
You have sharp toenails.
You are weak. (Str -2)


Message History

The rat bites you but does no damage. The rat barely misses you.
The rat barely misses you.
The rat twitches its whiskers.
The rat bites you.
* * * LOW HITPOINT WARNING * * *
The rat bites you but does no damage. The rat barely misses you.
The rat closely misses you. The rat bites you.
* * * LOW HITPOINT WARNING * * *
The rat closely misses you. The rat barely misses you.
The rat barely misses you. The rat bites you but does no damage.
The rat bites you.
* * * LOW HITPOINT WARNING * * *
You block the rat's attack. You block the rat's attack. The rat bites you.
* * * LOW HITPOINT WARNING * * *
The rat barely misses you. You block the rat's attack.
The rat bites you but does no damage. The rat bites you but does no damage.
The rat closely misses you. The rat closely misses you.
The rat bites you but does no damage. The rat bites you but does no damage.
The rat barely misses you. The rat bites you but does no damage.
The rat twitches its whiskers.
The rat bites you but does no damage. The rat bites you but does no damage.
The rat bites you.
* * * LOW HITPOINT WARNING * * *
The rat misses you. The rat barely misses you. The rat bites you.
You die...

.# .# # .# # .#
##### .# ....# .#
###.#############r#
#...............@.#
###################
.......>#
..#####.##
#..##....#
##.##....#
##..#....####
............#
..†...(.....#


You could see a rat.

Vanquished Creatures
  A dart slug (D:2)
  An endoplasm (D:2)
  A giant cockroach (D:2)
  2 goblins (D:2)
  4 hobgoblins
  2 quokkas
  2 ball pythons
  3 bats (D:1)
  3 rats
19 creatures vanquished.

Notes
Turn   | Place    | Note
-------+----------+-------------------------------------------
     0 | D:1      | DocClef the Gnoll Fighter began the quest for the Orb.
     0 | D:1      | Reached XP level 1. HP: 23/23 MP: 1/1
   396 | D:1      | Reached XP level 2. HP: 29/29 MP: 2/2
   928 | D:2      | Gained mutation: You are weak. (Str -2) [potion of
                  | mutation]
   928 | D:2      | Gained mutation: You have sharp toenails. [potion of
                  | mutation]
  1140 | D:2      | Slain by a rat

Illustrated notes

Levels and vault maps discovered:
D:1:      dpeg_arrival_erosion, layout_basic, serial_glass, glass_columns_b,
          glass_columns_a
D:2:      layout_basic

Action                   || total
-------------------------++-------
Melee: Flail             ||    53
       Bite              ||     1
  Use: Scroll            ||     4
       Potion            ||     1
Armor: Scale mail        ||    91
Dodge: Dodged            ||    71
Block: Buckler           ||    44

Table legend: (Time is in decaauts)
 A = Elapsed time spent in this place.
 B = Non-inter-level travel time spent in this place.
 C = Inter-level travel time spent in this place.
 D = Time resting spent in this place.
 E = Time spent auto-exploring this place.
 F = Levels seen in this place.
 G = Mean time per level.
                   A        B        C        D        E       F      G
               +--------+--------+--------+--------+--------+-----+--------+
         Total |   1150 |   1139 |     11 |      0 |    807 |   2 |  575.0 |
       Dungeon |   1150 |   1139 |     11 |      0 |    807 |   2 |  575.0 |
               +--------+--------+--------+--------+--------+-----+--------+

Top non-repeatable levels by time:
     D:1: 653 daAuts
     D:2: 497 daAuts
